 Dungeon Crawl Stone Soup version 0.32-a0-960-g3814254bd7 (webtiles) character file.

Game seed: 17080624279137332652

128076 DEFE the Fetichist (level 17, 0/137 HPs)
             Began as a Coglin Fighter on Apr 17, 2024.
             Was a High Priest of Ashenzari.
             Incinerated by a sun moth (9 damage)
             ... with a flurry of pyrophoric scales
             ... on level 3 of the Spider Nest.
             The game lasted 00:29:18 (29270 turns).

DEFE the Fetichist (Coglin Fighter)                Turns: 29270, Time: 00:29:19

Health: 0/137      AC: 25    Str: 24    XL:     17   Next: 2%
Magic:  17/17      EV: 12    Int:  7    God:    Ashenzari [*****.]
Gold:   1910       SH:  0    Dex: 15    Spells: 16/16 levels left

rFire   . . .        B - +1 demon whip "Repose of Ashenzari" {venom, Vusi, Cun, Fort} (curse)
rCold   + . .        r - +4 flail of the Cursed Pleiades {protect, Esmond, Dev, Cun} (curse)
rNeg    . . .        H - +0 plate armour "Ensconced Gnosis" {Bglg, Sorc} (curse)
rPois   +            W - +0 mask of the Dragon {Will+ Slay+3 SInv}
rElec   .            q - +2 cloak of Curses and Power {Dev, Comp} (curse)
rCorr   +            C - +2 pair of gloves of Star-Bound Wisdom {rC+ Stlth+, Dev, Cun} (curse)
SInv    +            w - +0 pair of boots "Per Aspera Ad Scientiam" {Range, Dev} (curse)
Will    ++...        (amulet unavailable) Stlth
                     (ring unavailable)
HPRegen 0.42/turn    (ring unavailable)
MPRegen 0.15/turn    O - dynamic neomodule {AutoDazzle, rPois rCorr Slay+3}

%: clarity
@: on fire, glowing, revving
A: off-hand wielding, slow wielding, warmup strikes, no jewellery
a: Renounce Religion, Curse Item, Shatter the Chains


You were on level 3 of the Spider Nest.
You worshipped Ashenzari.
Ashenzari was extremely pleased with you.
You visited 5 branches of the dungeon, and saw 26 of its levels.
You also visited: Sewer.

You collected 3969 gold pieces.
You spent 2059 gold pieces at shops.

Inventory:

Hand Weapons
 j - the +2 hand axe "Tucrig" {pain, rElec rF++}
   (You found it on level 2 of the Dungeon)

   rF++:      It greatly protects you from fire.
   rElec:     It insulates you from electricity.
 r - the cursed +4 flail of the Cursed Pleiades (offhand) {protect, Esmond, Dev, Cun}
   (You took it off an orc on level 2 of the Dungeon)

   It has a curse which improves the following skills: Devices: Evocations and
   Shapeshifting.
   Cunning:   Dodging and Stealth.
 B - the cursed +1 demon whip "Repose of Ashenzari" (weapon) {venom, Vusi, Cun, Fort}
   (You acquired it on level 6 of the Dungeon)

   It has a curse which improves the following skills: Cunning: Dodging and
   Stealth.
   Fortitude: Armour and Shields.
 L - a -1 demon whip of venom
 Y - the +5 flail of the Shining Light {drain, Fly rC+ Int+2 SInv}
   (You bought it in a shop on level 2 of the Orcish Mines)

   Int+2:     It affects your intelligence (+2).
   rC+:       It protects you from cold.
   SInv:      It lets you see invisible.
   Fly:       It grants you flight.
Missiles
 s - a throwing net (quivered)
 M - 4 curare-tipped darts
Armour
 c - a +0 buckler
 q - the cursed +2 cloak of Curses and Power (worn) {Dev, Comp}
   (You took it off Crazy Yiuf on level 2 of the Dungeon)

   It has a curse which improves the following skills: Devices: Evocations and
   Shapeshifting.
   Companions: Summonings and Necromancy.
 w - the cursed +0 pair of boots "Per Aspera Ad Scientiam" (worn) {Range, Dev}
   (You found it on level 3 of the Dungeon)

   It has a curse which improves the following skills: Ranged Combat: Ranged
   Weapons and Throwing.
   Devices:   Evocations and Shapeshifting.
 y - a +2 robe of resistance
 C - the cursed +2 pair of gloves of Star-Bound Wisdom (worn) {rC+ Stlth+, Dev, Cun}
   (You acquired it on level 5 of the Dungeon)

   rC+:       It protects you from cold.
   Stlth+:    It makes you more stealthy.
   It has a curse which improves the following skills: Devices: Evocations and
   Shapeshifting.
   Cunning:   Dodging and Stealth.
 E - a +3 chain mail of fire resistance
 H - the cursed +0 plate armour "Ensconced Gnosis" (worn) {Bglg, Sorc}
   (You found it on level 7 of the Dungeon)

   It has a curse which improves the following skills: Beguiling: Hexes and
   Translocations.
   Sorcery:   Conjurations and Alchemy.
 W - the +0 mask of the Dragon (worn) {Will+ Slay+3 SInv}
   (You bought it in a shop on level 2 of the Orcish Mines)

   Slay+3:    It affects your accuracy & damage with ranged weapons and melee
   (+3).
   Will+:     It increases your willpower.
   SInv:      It lets you see invisible.
 X - a +3 chain mail of poison resistance
Gizmo
 O - a dynamic neomodule (installed) {AutoDazzle, rPois rCorr Slay+3}
   (You invented it yourself on level 5 of the Lair of Beasts)

   [dynamic neomodule]

   AutoDazzle: It sometimes fires a blinding ray at enemies whose attacks you
   dodge.
   Slay+3:    It affects your accuracy & damage with ranged weapons and melee
   (+3).
   rPois:     It protects you from poison.
   rCorr:     It protects you from acid and corrosion.
Wands
 a - a wand of acid (19)
 p - a wand of warping (23)
 F - a wand of polymorph (17)
 N - a wand of flame (31)
 Q - a wand of mindburst (13)
 S - a wand of charming (4)
Scrolls
 f - 6 scrolls of teleportation
 h - a scroll of enchant weapon
 i - 6 scrolls of blinking
 n - 7 scrolls of immolation
 t - 4 scrolls of enchant armour
 x - 19 scrolls of identify
 z - 4 scrolls of poison
 A - 11 scrolls of revelation
 D - 3 scrolls of brand weapon
 G - a scroll of torment
 J - a scroll of amnesia
 R - a scroll of vulnerability
 U - 2 scrolls of fear
 V - a scroll of butterflies
Potions
 b - a potion of invisibility
 d - 6 potions of might
 e - 11 potions of heal wounds
 g - 5 potions of attraction
 k - 5 potions of enlightenment
 l - a potion of degeneration
 m - 4 potions of brilliance
 o - 11 potions of curing
 u - 8 potions of cancellation
 v - 4 potions of haste
 I - 2 potions of resistance
 K - 2 potions of mutation
 T - a potion of ambrosia
 Z - 2 potions of lignification
Miscellaneous
 P - a box of beasts


   Skills:
 + Level 13.5 Fighting
 - Level 2.2(11.7) Axes
 - Level 16.2 Maces & Flails
 + Level 12.9(14.9) Armour
 + Level 10.0(14.2) Dodging
 - Level 2.1(3.8) Shields
 + Level 19.4(24.1) Evocations


You had 16 spell levels left.
You didn't know any spells.
Your spell library contained the following spells:

 Spells                   Type           Power      Damage    Failure   Level
 Apportation              Tloc           0%         N/A       97%         1
 Kiss of Death            Conj/Necr      0%         2d5       97%         1
 Magic Dart               Conj           0%         1d3       97%         1
 Slow                     Hex            0%         N/A       97%         1
 Call Imp                 Summ           0%         N/A       99%         2
 Cigotuvi's Dreadful Rot  Necr/Alch/Air  0%         N/A       99%         2
 Ensorcelled Hibernation  Hex/Ice        0%         N/A       99%         2
 Jinxbite                 Hex            0%         N/A       99%         2
 Lesser Beckoning         Tloc           0%         N/A       99%         2
 Scorch                   Fire           0%         2d5       99%         2
 Searing Ray              Conj           0%         2d4       99%         2
 Confusing Touch          Hex            0%         N/A       100%        3
 Frozen Ramparts          Ice            0%         1d1       100%        3
 Maxwell's Portable Pile  Tloc           0%         2d(5-13)  100%        3
 Ozocubu's Armour         Ice            0%         N/A       100%        3
 Teleport Other           Tloc           0%         N/A       100%        3
 Tukima's Dance           Hex            0%         N/A       100%        3
 Vampiric Draining        Necr           0%         2d6       100%        3
 Volatile Blastmotes      Fire/Tloc      0%         2d10      100%        3
 Dispel Undead            Necr           0%         3d6       100%        4
 Flame Wave               Conj/Fire      0%         2d4       100%        4
 Fulminant Prism          Conj/Alch      0%         3d5       100%        4
 Martyr's Knell           Necr/Summ      0%         N/A       100%        4
 Passage of Golubria      Tloc           0%         N/A       100%        4
 Vhi's Electric Charge    Tloc/Air       0%         N/A       100%        4
 Alistair's Intoxication  Alch           0%         N/A       100%        5
 Metabolic Englaciation   Hex/Ice        0%         N/A       100%        5
 Yara's Violent Unravell  Hex/Alch       0%         3d3       100%        5
 Gell's Gavotte           Tloc           0%         2d(11-16) 100%        6
 Permafrost Eruption      Ice/Erth       0%         2x4d1     100%        6
 Sculpt Simulacrum        Ice/Alch       0%         N/A       100%        6
 Summon Cactus Giant      Summ           0%         N/A       100%        6
 Enfeeble                 Hex            0%         N/A       100%        7


Dungeon Overview and Level Annotations

Branches:
Dungeon (15/15)            Temple (0/1) D:6            Lair (5/5) D:11
  Swamp (1/4) Lair:3       Spider (3/4) Lair:2        Slime (0/5) Lair:5
    Orc (2/2) D:10            Elf (0/3) Orc:2        Vaults (0/5) D:14
 Depths (0/4) D:15          Sewer (visited)

Altars:
Ashenzari
Cheibriados
Fedhas
Hepliaklqana
Qazlal
Trog
Wu Jian
Xom
Yredelemnul

Shops:
D:5 *   D:6 (   D:7 =   Orc:2 =(*[

Annotations:
D:8 6 transporters
D:10 1 runed translucent door, HyperOdds's ghost, novice DgFE
Lair:1 exclusion: oklob plant
Spider:3 Bai Suzhen


Innate Abilities, Weirdness & Mutations

You can wield a second weapon in your off-hand.
It takes a long time for you to wield or remove held weapons.
Your first few attacks do less damage.
You cannot equip rings or amulets.


Message History

Unknown command.
You thrash the culicivora with the cursed +1 demon whip "Repose of Ashenzari"!!
You kill the culicivora!
The liquid fire burns you!
Unknown command.
You closely miss the redback with the cursed +1 demon whip "Repose of Ashenzari".
You miss the redback with the cursed +4 flail of the Cursed Pleiades.
The liquid fire burns you!
* * * LOW HITPOINT WARNING * * *
The redback bites you but does no damage.
Unknown command.
You miss the redback with the cursed +1 demon whip "Repose of Ashenzari".
You closely miss the redback with the cursed +4 flail of the Cursed Pleiades.
The liquid fire burns you!
* * * LOW HITPOINT WARNING * * *
The redback barely misses you.
Unknown command.
You shake off some of the fire as you move.
The liquid fire burns you!
* * * LOW HITPOINT WARNING * * *
The redback attacks as it pursues you! The redback barely misses you.
Unknown command.
You are caught in the web!
You shake off some of the fire as you move.
The liquid fire burns you!
* * * LOW HITPOINT WARNING * * *
There is a web here.
Unknown command.
You struggle to detach yourself from the web.
The liquid fire burns you!
* * * LOW HITPOINT WARNING * * *
The redback bites you.
* * * LOW HITPOINT WARNING * * *
The tarantella barely misses you.
The redback bites you but does no damage.
A culicivora simulacrum comes into view.
Unknown command.
You disentangle yourself.
The liquid fire burns you!
You die...

*,,##,,*,,#.(.#..#.#...#..
,,,,..***,,*#........#....
,*,,#.,^*,*.#..#.##.#.#..#
*#.^#.Z*....##...#..#.#^..
,....#Z##..#^#.^#...#^..#.
,#....s.##.....###.#...##.
*,***,,#d....^#..#......#.
,,,*,,,#s###..#.#....#.#..
,*,**,,#s@<.......###....#
,,,*,,,#..##.#.#.††#...#.#
,*,*,,*##...##....#†.#....
,,*,,#*,#..##........#..#^
*,,,,...#.....#.#..######*
*,,*#.....#..(#.#..#....#.
,<*#..#......###.#††#.....
,,,#....#..#..^^.#....###.
,*,#.##.#.^..#..#.##...[.#


You could see Bai Suzhen, a tarantella (soul bound), a redback, a culicivora
simulacrum (wandering) and a sun moth simulacrum.

Vanquished Creatures
  Jorgrun (D:13)
  An emperor scorpion (Spider:3)
  2 ghost moths
  An orc warlord (Orc:2)
  3 broodmothers
  An eleionoma (Lair:3)
  A spark wasp (Spider:1)
  The ghost of Xoff the Destroyer, a journeyman GnCj of Vehumet (D:13)
  Fannar (D:11)
  An entropy weaver (Spider:1)
  Erolcha (D:13)
  8 boulder beetles
  3 hydras
  5 centaur warriors
  5 two-headed ogres
  A radroach (Spider:1)
  3 orc high priests (Orc:2)
  4 demonic crawlers
  A death yak (D:15)
  A deep troll earth mage (D:15)
  Sonja (D:11)
  5 skeletal warriors (D:14)
  Amaemon (Lair:1)
  2 skysharks
  Lodul (D:13)
  3 pharaoh ants
  5 orb spiders (Spider:2)
  3 arcanists (D:14)
  A steelbarb worm (Spider:3)
  4 sun moths
  5 orc knights
  A spectral wolf spider (D:13)
  An obsidian bat (Orc:1)
  12 wolf spiders
  A deep elf zephyrmancer (D:14)
  Maurice (D:11)
  3 cyclopes
  A manticore (D:14)
  5 orc sorcerers
  25 ugly things
  A moth of wrath (Spider:2)
  3 elephants (Lair:2)
  A kobold blastminer (Orc:1)
  2 spectral centaurs (D:13)
  4 torpor snails
  3 black mambas
  An orange demon (Lair:1)
  2 rime drakes
  13 cane toads
  An efreet (D:14)
  16 komodo dragons
  2 freezing wraiths
  3 kobold demonologists (D:11)
  Psyche (D:11)
  11 trolls
  11 tarantellas
  A wolf spider simulacrum (D:15)
  13 jumping spiders
  5 polar bears
  7 hornets
  A wind drake (shapeshifter) (D:14)
  Grinder (D:5)
  8 dream sheep
  3 blink frogs (Lair:5)
  A tyrant leech (Swamp:1)
  A slime creature (D:14)
  9 culicivoras
  4 shadows
  5 centaur simulacra
  A wraith (D:12)
  5 wyverns
  2 water elementals (D:11)
  47 yaks
  12 spriggans
  A wyvern (shapeshifter) (D:15)
  17 redbacks
  3 basilisks
  A steam dragon (Lair:3)
  6 vampire mosquitoes
  An acid dragon (D:11)
  A spectral hornet (D:13)
  11 water moccasins
  A swamp drake (shapeshifter) (D:13)
  Pargi (Sewer)
  4 laughing skulls
  32 orc warriors
  A sky beast (D:7)
  13 black bears
  3 boggarts (Lair:5)
  3 ice beasts
  11 ogres
  41 wolves
  10 centaurs
  A phantom (D:4)
  5 kobold brigands
  A brain worm (Sewer)
  9 scorpions
  13 bullfrogs
  3 gnoll sergeants
  6 killer bees
  7 howler monkeys
  6 electric eels
  A quasit (D:7)
  4 hounds
  2 bombardier beetles
  34 orc priests
  Crazy Yiuf (D:2)
  2 sleepcaps
  Jessica (D:3)
  Natasha (thrice) (D:3)
  3 iguanas
  26 orc wizards
  11 gnolls
  A river rat (D:6)
  7 adders
  2 shadow imps (D:7)
  6 white imps
  10 ufetubi
  4 dart slugs
  4 ribbon worms
  103 orcs
  9 endoplasms
  4 giant cockroaches
  11 goblins
  12 hobgoblins
  6 jackals (D:2)
  23 kobolds
  2 quokkas
  8 ball pythons
  9 bats
  8 frilled lizards
  8 rats
864 creatures vanquished.

Vanquished Creatures (collateral kills)
  A sphinx zombie (D:13)
  A centaur warrior (D:15)
  A fire crab (D:14)
  2 ugly things
  A freezing wraith (D:15)
  A kobold demonologist (D:14)
  A slime creature (D:14)
  A centaur simulacrum (D:13)
  2 basilisks
11 creatures vanquished.

Vanquished Creatures (others)
  A deep elf pyromancer (D:14)
  A spectral centaur (D:13)
  A spriggan (shapeshifter) (D:14)
3 creatures vanquished.

Grand Total: 878 creatures vanquished

Notes
Turn   | Place    | Note
-------+----------+-------------------------------------------
     0 | D:1      | DEFE the Coglin Fighter began the quest for the Orb.
     0 | D:1      | Reached XP level 1. HP: 18/18 MP: 1/1
    58 | D:1      | Reached XP level 2. HP: 15/24 MP: 2/2
   326 | D:1      | Reached XP level 3. HP: 29/29 MP: 3/3
   406 | D:1      | Found a faded altar of an unknown god.
   419 | D:1      | Prayed at the altar of an unknown god.
   419 | D:1      | Became a worshipper of Ashenzari the Shackled
   676 | D:2      | Identified the +2 hand axe "Tucrig" {pain, rElec rF++}
   703 | D:2      | Found a stormy altar of Qazlal.
   786 | D:2      | Reached skill level 1 in Axes
   871 | D:2      | Reached XP level 4. HP: 35/35 MP: 4/4
  1306 | D:2      | Found a runed translucent door.
  1307 | D:2      | Noticed Crazy Yiuf
  1312 | D:2      | Killed Crazy Yiuf
  1313 | D:2      | Reached XP level 5. HP: 41/41 MP: 5/5
  1363 | D:3      | Noticed Jessica
  1372 | D:3      | Killed Jessica
  1584 | D:3      | Reached skill level 5 in Maces & Flails
  1605 | D:3      | Reached * piety under Ashenzari
  1605 | D:3      | Reached ** piety under Ashenzari
  1752 | D:3      | Reached XP level 6. HP: 38/48 MP: 6/6
  1795 | D:3      | Noticed Natasha
  1801 | D:3      | Killed Natasha
  2094 | D:3      | Noticed Natasha
  2097 | D:3      | Killed Natasha
  2108 | D:3      | Noticed Natasha
  2112 | D:3      | Killed Natasha
  2575 | D:4      | Reached XP level 7. HP: 48/52 MP: 7/7
  2853 | D:5      | Entered Level 5 of the Dungeon
  2863 | D:5      | Identified the Notes on Collective Firn
  2872 | D:5      | Noticed Grinder
  2874 | D:5      | Found a stormy altar of Qazlal.
  2874 | D:5      | Found a basalt altar of Yredelemnul.
  2878 | D:5      | Killed Grinder
  2879 | D:5      | Reached skill level 10 in Maces & Flails
  2879 | D:5      | Reached XP level 8. HP: 58/58 MP: 8/8
  2889 | D:5      | Found Urukkyux's CLEARANCE SALE!.
  2891 | D:5      | Found a hazy altar of Hepliaklqana.
  3187 | D:5      | Found a broken altar of Ashenzari.
  3207 | D:5      | Found a shimmering altar of Xom.
  3326 | D:5      | Found a snail-covered altar of Cheibriados.
  3641 | D:6      | Found a blossoming altar of Fedhas.
  3802 | D:6      | Reached XP level 9. HP: 43/63 MP: 9/9
  3854 | D:6      | Found a glowing drain.
  3857 | Sewer    | Entered a sewer
  3947 | Sewer    | Noticed Pargi
  3948 | Sewer    | Identified a scroll of acquirement
  3950 | Sewer    | Killed Pargi
  4181 | D:6      | Found a staircase to the Ecumenical Temple.
  4209 | D:6      | Acquired a +1 demon whip of venom
  4369 | D:6      | Found Rehafen's Firing Range.
  4859 | D:5      | Bought a scroll of acquirement for 208 gold pieces
  4859 | D:5      | Acquired the +2 pair of gloves of Death Resistance {rC+
                  | Stlth+}
  5117 | D:7      | Found Gitir's Jewellery Emporium.
  5125 | D:7      | Reached *** piety under Ashenzari
  5364 | D:7      | Reached skill level 1 in Evocations
  5367 | D:7      | Reached skill level 2 in Evocations
  5374 | D:7      | Reached skill level 3 in Evocations
  5374 | D:7      | Reached XP level 10. HP: 57/70 MP: 10/10
  5466 | D:7      | Reached skill level 4 in Evocations
  5581 | D:7      | Paralysed by a hornet for 1 turns
  5586 | D:7      | Reached skill level 5 in Evocations
  5599 | D:7      | Reached skill level 15 in Maces & Flails
  6225 | D:8      | Found a transporter.
  6244 | D:8      | Found a transporter.
  6250 | D:8      | Found a transporter.
  6411 | D:8      | Found a transporter.
  6453 | D:8      | Reached skill level 6 in Evocations
  6545 | D:8      | Found a transporter.
  6548 | D:8      | Found a transporter.
  6837 | D:9      | Reached skill level 7 in Evocations
  7542 | D:9      | Found an ornate altar of the Wu Jian Council.
  7612 | D:9      | Reached skill level 8 in Evocations
  7770 | D:9      | Noticed a two-headed ogre
  7770 | D:9      | Identified the +4 spear of the Desolation of Salt
                  | {antimagic, rF+ rCorr Int+4 Stlth+}
  7776 | D:9      | Killed a two-headed ogre
  7777 | D:9      | Reached skill level 9 in Evocations
  7777 | D:9      | Reached XP level 11. HP: 66/75 MP: 11/11
  8001 | D:9      | Identified the ring "Uckeanou" {Fly rC+}
  8184 | D:10     | Entered Level 10 of the Dungeon
  8186 | D:10     | Noticed a two-headed ogre
  8193 | D:10     | Killed a two-headed ogre
  8260 | D:10     | Reached **** piety under Ashenzari
  8260 | D:10     | Reached ***** piety under Ashenzari
  8717 | D:10     | Noticed HyperOdds's ghost (novice DgFE)
  8738 | D:10     | Found a runed translucent door.
  8761 | D:10     | Reached skill level 10 in Evocations
  8838 | D:10     | Found a staircase to the Orcish Mines.
  9323 | D:11     | Found a staircase to the Lair.
  9334 | D:11     | Noticed Sonja
  9341 | D:11     | Killed Sonja
 10235 | D:11     | Noticed a two-headed ogre
 10250 | D:11     | Killed a two-headed ogre
 10251 | D:11     | Reached skill level 11 in Evocations
 10392 | D:11     | Noticed Psyche
 10400 | D:11     | Killed Psyche
 10401 | D:11     | Reached skill level 5 in Armour
 10403 | D:11     | Noticed a cyclops
 10410 | D:11     | Noticed Maurice
 10417 | D:11     | Killed a cyclops
 10426 | D:11     | Killed Maurice
 10742 | D:11     | Reached XP level 12. HP: 52/84 MP: 12/12
 10851 | D:11     | Noticed Fannar
 10869 | D:11     | Killed Fannar
 10870 | D:11     | Reached skill level 5 in Fighting
 11001 | D:11     | Noticed a two-headed ogre
 11008 | D:11     | Killed a two-headed ogre
 11009 | D:11     | Reached skill level 12 in Evocations
 11316 | Lair:1   | Entered Level 1 of the Lair of Beasts
 11316 | Lair:1   | Identified the +1 leather armour of Bokust {+Inv Will+}
 11381 | Lair:1   | Noticed Amaemon
 11394 | Lair:1   | Killed Amaemon
 11790 | Lair:1   | Reached skill level 13 in Evocations
 12687 | Lair:1   | Reached XP level 13. HP: 83/98 MP: 13/13
 12990 | Lair:2   | Reached skill level 14 in Evocations
 13131 | Lair:2   | Reached ****** piety under Ashenzari
 13318 | Lair:2   | Found a hole to the Spider Nest.
 13766 | Spider:1 | Entered Level 1 of the Spider Nest
 13827 | Lair:3   | Reached skill level 1 in Dodging
 13985 | Lair:3   | Found a staircase to the Swamp.
 13985 | Lair:3   | Noticed an eleionoma
 13995 | Lair:3   | Killed an eleionoma
 15423 | Lair:4   | Reached skill level 15 in Evocations
 15973 | Lair:4   | Found a runed translucent door.
 16173 | Lair:4   | Reached XP level 14. HP: 52/108 MP: 14/14
 16553 | Lair:5   | Entered Level 5 of the Lair of Beasts
 16945 | Lair:5   | Acquired a dynamic neomodule {AutoDazzle, rPois rCorr
                  | Slay+3}
 17317 | Lair:5   | Found a staircase to the Slime Pits.
 17375 | Lair:5   | Reached skill level 10 in Fighting
 17530 | Lair:5   | Reached skill level 5 in Dodging
 17617 | Lair:5   | Reached skill level 16 in Evocations
 17734 | Lair:5   | Reached skill level 10 in Armour
 18535 | D:12     | Found a bloodstained altar of Trog.
 19122 | D:13     | Noticed Erolcha
 19130 | D:13     | Killed Erolcha
 19677 | D:13     | Noticed Lodul
 19697 | D:13     | Killed Lodul
 19916 | D:13     | Found a runed translucent gate.
 19917 | D:13     | Found a runed translucent gate.
 19917 | D:13     | Found a runed translucent gate.
 19934 | D:13     | Noticed Xoff's ghost (journeyman GnCj)
 19957 | D:13     | Killed Xoff's ghost
 19962 | D:13     | Reached XP level 15. HP: 63/118 MP: 15/15
 20188 | D:13     | Noticed Jorgrun
 20202 | D:13     | Killed Jorgrun
 20472 | D:13     | Noticed Nessos
 20478 | D:13     | Nessos changed into Nessos the torpor snail
 20478 | D:13     | Noticed Nessos
 20483 | D:13     | Killed Nessos the torpor snail
 20743 | D:14     | Reached skill level 17 in Evocations
 21090 | D:14     | Found a gate to the Vaults.
 22494 | D:15     | Entered Level 15 of the Dungeon
 23182 | D:15     | Found a basalt altar of Yredelemnul.
 23211 | D:15     | Found a staircase to the Depths.
 23239 | D:15     | Reached skill level 18 in Evocations
 24021 | Orc:1    | Entered Level 1 of the Orcish Mines
 24522 | Orc:2    | Entered Level 2 of the Orcish Mines
 24592 | Orc:2    | Found a staircase to the Elven Halls.
 24773 | Orc:2    | Reached XP level 16. HP: 102/128 MP: 16/16
 25592 | Orc:2    | Found Leextir's General Store.
 25593 | Orc:2    | Found Cuag's Jewellery Shop.
 25594 | Orc:2    | Found Cavar's Antique Armour Boutique.
 25594 | Orc:2    | Found Odesown's Antique Weapon Boutique.
 25610 | Orc:2    | Bought a scroll of revelation for 97 gold pieces
 25620 | Orc:2    | Bought the +0 mask of the Dragon {Will+ Slay+3 SInv} for
                  | 1035 gold pieces
 25620 | Orc:2    | Found the +0 mask of the Dragon {Will+ Slay+3 SInv}
 25628 | Orc:2    | Bought a glowing chain mail for 232 gold pieces
 25628 | Orc:2    | Bought a glowing chain mail for 232 gold pieces
 25634 | Orc:2    | Bought a jewelled flail for 255 gold pieces
 25634 | Orc:2    | Identified the +5 flail of the Shining Light {drain, Fly
                  | rC+ Int+2 SInv} (You bought it in a shop on level 2 of the
                  | Orcish Mines)
 25768 | Swamp:1  | Entered Level 1 of the Swamp
 28099 | Spider:2 | Reached skill level 19 in Evocations
 28438 | Spider:2 | Acquired 968 gold pieces
 28946 | Spider:3 | Identified the +4 dagger of Optimality {protect, Int+3}
 29168 | Spider:3 | Reached skill level 10 in Dodging
 29258 | Spider:3 | Reached XP level 17. HP: 82/137 MP: 17/17
 29262 | Spider:3 | Noticed Bai Suzhen
 29270 | Spider:3 | Incinerated by a sun moth

Illustrated notes

Levels and vault maps discovered:
D:1:      minmay_arrival_cross, layout_rooms, basic_ecumenical_altar,
          chequers_serial_rivers_large_a, serial_bayou_crossing
D:2:      minmay_general_purpose_star, layout_basic, basic_altar,
          uniq_crazy_yiuf_cottage
D:3:      layout_rooms, uniq_natasha, uniq_jessica
D:4:      layout_loops_ring, nicolae_nh_ransacked_shop
D:5:      layout_cave_pools, cheibriados_altar_1,
          nicolae_overflow_macrodata_refinement, brannock_xom_greatest_gift,
          kennysheep_donut, nicolae_shop_clearance, uniq_grinder
D:6:      layout_loops_corners, lemuel_crystal_altar, temple_pool_b,
          mainiacjoe_sewer_entry_somewhere_in_here_1, nicolae_shop_firing_range
D:7:      layout_cave_pods, serial_demonic, serial_demonic_f, serial_demonic_g,
          serial_demonic_b, serial_demonic_g, serial_demonic_b,
          serial_demonic_a, serial_shops, nicolae_square_shop,
          serial_library_hellmonk_hallway_a
D:8:      layout_basic, chequers_serial_rivers_micro_d, minivault_23,
          serial_nicolae_subway, nicolae_sub_station_metal,
          nicolae_sub_station_crystal, nicolae_sub_station_stone
D:9:      minmay_weird_star, layout_irregular_city, nzn_wu_jian_council_hall
D:10:     layout_loops_cross, hiddenorc2_lemuel, hellmonk_ghost_happy_afterlife
D:11:     layout_loops_ring, lair_entry_dummy, serial_bayou,
          serial_bayou_lagoon_b, serial_bayou_pond_d, serial_bayou_pond_c,
          serial_bayou_lake_a, hangedman_abyss_or_decor_lesser_grid, uniq_sonja,
          uniq_psyche, uniq_fannar, uniq_maurice
D:12:     layout_loops_ring, trog_hazing_becter
D:13:     layout_basic, gammafunk_ghost_necromancy, lemuel_flamethrower_1,
          uniq_nessos, uniq_jorgrun, uniq_lodul, uniq_erolcha
D:14:     minmay_bloctagon, layout_basic, david_vaults_1, fountainhead
D:15:     hellmonk_depths_entry_around_the_bend, layout_stronghold, serial_ice,
          serial_ice_m, serial_ice_b, serial_ice_i, serial_ice_f, serial_ice_h,
          serial_ice_o, serial_bayou_pond_a, yredelemnul_altar_generic
Lair:1:   minmay_lair_oklob_tunnel, layout_regular_city, beast_lair_carwin_7,
          infiniplex_staircase_pool_2, grunt_megastairs_2, uniq_amaemon
Lair:2:   layout_long_grid, nicolae_spider_entry_non_spiders, minivault_25,
          lemuel_fruit_tree
Lair:3:   layout_small_grid, alex1729_swamp_entry_worm_eleionoma,
          lemuel_fruit_fields, grunt_megastairs_5
Lair:4:   layout_regular_city, pf_torpor_hydra
Lair:5:   minmay_lair_end_enchanted_forest, layout_regular_city,
          dpeg_slime_entry_enclosed
Swamp:1:  layout_falls_marsh, evilmike_swamp_ruin_rubble_2, swamp_pool_1_2
Spider:1: layout_spider_delve
Spider:2: layout_chambers
Spider:3: layout_spider_delve, uniq_nikola, uniq_bai_suzhen
Orc:1:    layout_caves
Orc:2:    st_orc_congregation, layout_diamond_mine

Skill      XL: |  1  2  3  4  5  6  7  8  9 10 11 12 13 14 15 16 |
---------------+-------------------------------------------------+-----
Maces & Flails | 2 3 4 6 8 10 13 14 15 16 | 16.2
Axes           | 1 2 |  2.2
Evocations     | 3 9 11 13 15 16 18 19 | 19.4
Armour         | 5 7 9 10 11 12 | 12.9
Fighting       | 4 7 9 11 12 13 | 13.5
Dodging        | 4 6 8 10 | 10.0
Shields        | |  2.1

Action                     |  1- 3 |  4- 6 |  7- 9 | 10-12 | 13-15 | 16-18 || total
---------------------------+-------+-------+-------+-------+-------+-------++-------
  Melee: Flail             |   111 |    98 |   181 |   440 |   997 |   405 ||  2232
         Hand axe          |    25 |    39 |   174 |   101 |       |       ||   339
         Dagger            |     8 |       |       |       |       |       ||     8
         Demon whip        |       |       |       |   318 |   999 |   409 ||  1726
 Invoke: Curse Item        |     1 |     2 |     2 |     3 |     1 |       ||     9
         Shatter the Chain |       |     1 |       |     1 |       |     1 ||     3
Ability: Invent Gizmo      |       |       |       |       |     1 |       ||     1
  Evoke: Wand              |       |       |       |    17 |     8 |     2 ||    27
         Box of beasts     |       |       |       |       |     3 |       ||     3
    Use: Scroll            |       |       |     2 |     1 |     1 |     1 ||     5
         Potion            |       |       |       |     3 |     1 |     1 ||     5
   Stab: Invisible         |       |       |       |       |    12 |     8 ||    20
         Distracted        |       |       |       |       |     1 |       ||     1
 Armour: Scale mail        |   101 |    62 |   195 |    50 |       |       ||   408
         Plate armour      |       |       |       |   382 |   972 |   366 ||  1720
  Dodge: Dodged            |    58 |    39 |    83 |   110 |   486 |   251 ||  1027
  Block: Buckler           |    32 |       |       |       |       |       ||    32

Table legend: (Time is in decaauts)
 A = Elapsed time spent in this place.
 B = Non-inter-level travel time spent in this place.
 C = Inter-level travel time spent in this place.
 D = Time resting spent in this place.
 E = Time spent auto-exploring this place.
 F = Levels seen in this place.
 G = Mean time per level.
                   A        B        C        D        E       F      G
               +--------+--------+--------+--------+--------+-----+--------+
         Total |  28681 |  27597 |   1084 |   6407 |  17069 |  27 | 1062.3 |
       Dungeon |  17021 |  16332 |    689 |   4015 |   9952 |  15 | 1134.7 |
          Lair |   6722 |   6415 |    307 |   1175 |   4395 |   5 | 1344.4 |
         Swamp |     87 |     87 |      0 |     10 |     53 |   1 |   87.0 |
   Spider Nest |   3253 |   3231 |     22 |    996 |   1826 |   3 | 1084.3 |
  Orcish Mines |   1392 |   1328 |     64 |    184 |    734 |   2 |  696.0 |
         Sewer |    204 |    204 |      0 |     27 |    107 |   1 |  204.0 |
               +--------+--------+--------+--------+--------+-----+--------+

Top non-repeatable levels by time:
    D:11: 2099 daAuts
    D:14: 1730 daAuts
     D:9: 1690 daAuts
    D:13: 1672 daAuts
Spider:2: 1669 daAuts
  Lair:1: 1639 daAuts
  Lair:5: 1466 daAuts
    D:15: 1406 daAuts
  Lair:4: 1385 daAuts
  Lair:3: 1342 daAuts
     D:7: 1290 daAuts
Spider:1: 1288 daAuts
   Orc:2: 1087 daAuts
     D:6: 1071 daAuts
    D:10: 995 daAuts
